 Dungeon Crawl Stone Soup version 0.29.1-15-g9cfb28693d (webtiles) character file.

Game seed: 4362709869931907494

4419 croobank the Covert (level 10, -4/57 (71) HPs)
             Began as an Octopode Delver on Mar 6, 2023.
             Was an Initiate of Gozag.
             Killed from afar by an orc wizard (10 damage)
             ... with a magic dart
             ... on level 8 of the Dungeon.
             The game lasted 00:24:58 (9757 turns).

croobank the Covert (Octopode Delver)               Turns: 9757, Time: 00:24:59

HP:   -4/57 (71)    AC:  5    Str: 12    XL:     10   Next: 36%
MP:   18/18         EV: 20    Int: 16    God:    Gozag
Gold: 278           SH:  0    Dex: 14    Spells: 16/19 levels left

rFire   . . .      SeeInvis .   E - +6 trident (flame)
rCold   . . .      Faith    .   (no shield)
rNeg    . . .      Spirit   .   (helmet restricted)
rPois   +          Reflect  .   (no amulet)
rElec   .          Harm     .   c - +4 ring of protection
rCorr   .          Rampage  .   w - ring of poison resistance
Will    .....                   t - +4 ring of evasion
Stlth   ++++++....              (no ring)
HPRegen 0.19/turn               (no ring)
MPRegen 0.16/turn               (no ring)
                                (no ring)
                                (no ring)

@: hasted, heavily drained, very quick
A: almost no armour, amphibious, 8 rings, camouflage 1, gelatinous body 1,
(nimble swimmer 1), tentacles
a: Renounce Religion, Potion Petition, Call Merchant, Bribe Branch


You were on level 8 of the Dungeon.
You worshipped Gozag.
Gozag was aware of your devotion.
You visited 1 branch of the dungeon, and saw 9 of its levels.
You also visited: Sewer.

You collected 716 gold pieces.
You spent 360 gold pieces at shops.
You paid 78 gold pieces to Gozag.

Inventory:

Hand Weapons
 a - a +1 hand axe
 x - a +1 war axe of chaos
 z - a +1 dagger of draining
 D - a +0 hand axe
 E - a +6 trident of flaming (weapon)
Magical Staves
 j - a staff of earth
 v - a staff of death
Jewellery
 c - a +4 ring of protection (left tentacle)
 t - a +4 ring of evasion (on tentacle)
 w - a ring of poison resistance (right tentacle)
Wands
 f - a wand of digging (3)
 g - a wand of paralysis (30)
 y - a wand of flame (28)
 C - a wand of acid (5)
Scrolls
 b - a scroll of fog
 k - 2 scrolls of enchant armour
 m - 2 scrolls of magic mapping
 s - 3 scrolls of teleportation
 A - a scroll of identify
Potions
 e - 2 potions of haste
 i - 3 potions of curing
 l - 4 potions of might
 o - a potion of attraction
 p - 3 potions of flight
 q - a potion of brilliance
 r - 2 potions of cancellation {unknown}
 u - 3 potions of degeneration {unknown}
 B - a potion of mutation {unknown}


   Skills:
 + Level 7.0 Fighting
 - Level 5.7(6.1) Axes
 + Level 3.1(4.8) Polearms
 + Level 6.7 Dodging
 + Level 11.1 Stealth
 + Level 5.3 Spellcasting
 * Level 4.3 Ice Magic


You had 16 spell levels left.
You knew the following spells:

 Your Spells              Type           Power      Damage    Failure   Level
a - Frozen Ramparts       Ice            36%        1d6       8%          3

Your spell library contained the following spells:

 Spells                   Type           Power      Damage    Failure   Level
 Freeze                   Ice            72%        1d9       2%          1
 Sandblast                Erth           8%         2d5       14%         1
 Passwall                 Tmut/Erth      3%         N/A       22%         2
 Confusing Touch          Hex            4%         N/A       41%         3
 Dazzling Flash           Conj/Hex       8%         N/A       41%         3
 Stone Arrow              Conj/Erth      8%         3d7       41%         3
 Hailstorm                Conj/Ice       11%        3d5       52%         4
 Iskenderun's Mystic Bla  Conj/Tloc      4%         2d3       82%         4
 Yara's Violent Unravell  Hex/Tmut       2%         3d3       99%         5
 Starburst                Conj/Fire      2%         6d3       100%        6
 Enfeeble                 Hex            2%         N/A       100%        7


Dungeon Overview and Level Annotations

Branches:
Dungeon (9/15)             Temple (0/1) D:7           Sewer (visited)
   Lair: D:8-11         Orc: D:9-12

Altars:
Elyvilon
Gozag
Okawaru
Trog

Shops:
D:2 *

Annotations:
D:2 1 runed translucent door, Crazy Yiuf
D:4 3 runed translucent doors, leafyfresh's ghost, amateur OpDe
D:9 BuddhaDhamma's ghost, novice MiBe


Innate Abilities, Weirdness & Mutations

You cannot wear most types of armour.
You are amphibious.
You can wear up to eight rings at the same time.
Your skin changes colour to match your surroundings (Stealth+).
Your rubbery body absorbs attacks. (AC +1, EV +1)
((You are camouflaged when in or above water. (Stealth+)))
You have tentacles for arms and can constrict up to eight enemies at once.


Message History

You reach to attack!
You hit the wight but do no damage. The wight completely misses you.
Reach: E) +6 trident (flame)
Press: ? - help, Dir - move target, f/p - wight
Aim: a wight, wielding a +1 spear and wearing a +0 robe (about 31% to evade your +6 trident of flaming)
You reach to attack!
You hit the wight. You burn the wight.
The wight is heavily damaged.
The quasit is no longer distracted by gold.
The wight hits you from afar with a +1 spear.
* * * LOW HITPOINT WARNING * * *
You feel drained.
Reach: E) +6 trident (flame)
Press: ? - help, Dir - move target, f/p - wight
Aim: a wight, wielding a +1 spear and wearing a +0 robe (heavily damaged, about 31% to evade your +6 trident of flaming)
You reach to attack!
You hit the wight but do no damage.
The wight is heavily damaged.
The wight hits you but does no damage.
Reach: E) +6 trident (flame)
Press: ? - help, Dir - move target, f/p - wight
Aim: a wight, wielding a +1 spear and wearing a +0 robe (heavily damaged, about 31% to evade your +6 trident of flaming)
You reach to attack!
You barely miss the wight.
The wight is heavily damaged.
The wight hits you from afar with a +1 spear.
* * * LOW HITPOINT WARNING * * *
You feel drained.
The wight hits you from afar with a +1 spear.
* * * LOW HITPOINT WARNING * * *
You feel drained.
* * * LOW HITPOINT WARNING * * *
Things that are here:
7 gold pieces; a +1 mace; a +0 robe
Okay, then.
Unknown command.
You feel yourself speed up. The wight barely misses you.
There is a stone staircase leading up here.
You climb upwards.
The orc wizard gestures at you while chanting.
The magic dart hits you!
You die...
Your body crumbles into a pile of gold.

.........#...##.#.#.......##
...........##..............#
..................#........#
...............[<.........##
...............#..........##
....................o.>....#
.......#...............#..##
......##............####..#
####.###........@...# ....#
####.......##...## ...#
#...##...###..... ..##
#....#...###.......
##...##........##...
##.####.....### #.
#####....#.# #.<#..###
#.....#


You could see an orc wizard.

Vanquished Creatures
  A two-headed ogre (D:7)
  Pikel (D:7)
  Sigmund (D:4)
  Eustachio (D:4)
  Menkaure (D:5)
  3 water moccasins (D:6)
  Pargi (Sewer)
  An ice beast (D:6)
  4 sky beasts
  An ogre (D:4)
  A centaur (D:6)
  2 phantoms
  4 lemures (D:7)
  Blork the orc (D:4)
  A necrophage (D:7)
  A bullfrog (D:7)
  A gnoll sergeant (D:5)
  6 scorpions
  3 wights (D:9)
  5 hounds
  An orc priest (D:8)
  5 jellies
  Natasha (thrice) (D:4)
  4 iguanas (D:5)
  3 orc wizards (D:8)
  Robin (D:2)
  9 gnolls
  6 adders
  2 shadow imps
  2 white imps
  3 ufetubi
  A dart slug (D:2)
  3 worms
  11 orcs
  5 ball pythons
  2 endoplasms (D:4)
  5 giant cockroaches
  11 goblins
  10 hobgoblins
  6 jackals
  2 quokkas (D:2)
  5 bats
  A frilled lizard (D:2)
  10 kobolds
  5 rats
  A spectral hobgoblin (D:1)
  A bush (D:6)
158 creatures vanquished.

Vanquished Creatures (collateral kills)
  A warg (D:8)
1 creature vanquished.

Grand Total: 159 creatures vanquished

Notes
Turn   | Place    | Note
-------+----------+-------------------------------------------
     0 | D:5      | croobank the Octopode Delver began the quest for the Orb.
     0 | D:5      | Reached XP level 1. HP: 16/16 MP: 1/1
    53 | D:5      | Noticed a hound
    67 | D:5      | Noticed an iguana
    75 | D:5      | Found a glowing drain.
    91 | Sewer    | Entered a sewer
   172 | Sewer    | Noticed Pargi
   182 | Sewer    | Killed Pargi
   183 | Sewer    | Reached skill level 7 in Stealth
   183 | Sewer    | Reached XP level 2. HP: 21/22 MP: 2/2
   183 | Sewer    | Reached XP level 3. HP: 25/27 MP: 3/3
   183 | Sewer    | Reached XP level 4. HP: 31/33 MP: 4/4
   255 | D:6      | Noticed a water moccasin
   710 | D:3      | Reached XP level 5. HP: 37/37 MP: 5/5
   809 | D:2      | Noticed Robin
   980 | D:2      | Killed Robin
  1179 | D:1      | Found a faded altar of an unknown god.
  1797 | D:2      | Reached skill level 1 in Spellcasting
  2365 | D:2      | Found a runed translucent door.
  2366 | D:2      | Noticed Crazy Yiuf
  2440 | D:2      | Found Doxywueb's General Store.
  2663 | D:2      | Reached XP level 6. HP: 24/43 MP: 7/7
  4128 | D:4      | Noticed Sigmund
  4575 | D:4      | Noticed Natasha
  4581 | D:4      | Killed Natasha
  4642 | D:4      | Noticed Blork the orc
  4651 | D:4      | Killed Blork the orc
  4701 | D:4      | Noticed leafyfresh's ghost (amateur OpDe)
  4763 | D:4      | Reached skill level 8 in Stealth
  4779 | D:4      | Reached XP level 7. HP: 49/49 MP: 8/10
  5023 | D:4      | Found a runed translucent gate.
  5023 | D:4      | Found a runed translucent gate.
  5023 | D:4      | Found a runed translucent gate.
  5191 | D:4      | Noticed Eustachio
  5633 | D:5      | Found an opulent altar of Gozag.
  5637 | D:5      | Became a worshipper of Gozag Ym Sagoz the Greedy
  5932 | D:5      | Reached XP level 8. HP: 54/54 MP: 12/12
  5993 | D:5      | Noticed Menkaure
  5998 | D:5      | Killed Menkaure
  5999 | D:5      | Reached skill level 5 in Fighting
  6323 | D:6      | Reached skill level 9 in Stealth
  6481 | D:6      | Reached skill level 5 in Axes
  6481 | D:6      | Reached skill level 5 in Dodging
  6753 | D:6      | Reached XP level 9. HP: 50/62 MP: 15/15
  6958 | D:6      | Found an iron altar of Okawaru.
  6958 | D:6      | Found a bloodstained altar of Trog.
  6963 | D:6      | Reached skill level 10 in Stealth
  7469 | D:4      | Noticed Natasha
  7472 | D:4      | Killed Natasha
  7605 | D:2      | Bought a book of Misfortune for 360 gold pieces
  7804 | D:4      | Killed Sigmund
  7805 | D:4      | Reached skill level 1 in Ice Magic
  7915 | D:4      | Killed Eustachio
  7916 | D:4      | Reached skill level 1 in Polearms
  7970 | D:4      | Noticed Natasha
  7974 | D:4      | Killed Natasha
  8202 | D:7      | Noticed Pikel
  8231 | D:7      | Killed Pikel
  8366 | D:7      | Learned a level 3 spell: Frozen Ramparts
  8392 | D:7      | Found a white marble altar of Elyvilon.
  8512 | D:7      | Reached skill level 5 in Spellcasting
  8512 | D:7      | Reached XP level 10. HP: 65/69 MP: 17/17
  8608 | D:7      | Found a staircase to the Ecumenical Temple.
  8725 | D:7      | Noticed a two-headed ogre
  8735 | D:7      | Killed a two-headed ogre
  8736 | D:7      | Reached skill level 11 in Stealth
  9442 | D:8      | HP: 1/69 [warg (3)]
  9746 | D:9      | Noticed BuddhaDhamma's ghost (novice MiBe)
  9757 | D:8      | Killed from afar by an orc wizard

Illustrated notes

Levels and vault maps discovered:
D:1:      dpeg_arrival_morbid_curiosity, layout_basic,
          dreamdust_ecumenical_altar_drowned_temple
D:2:      layout_loops_corners, serial_shops, shop, uniq_crazy_yiuf_cottage,
          uniq_robin
D:3:      layout_basic
D:4:      layout_basic, gammafunk_ghost_split, uniq_blork_the_orc, uniq_natasha,
          uniq_sigmund, uniq_eustachio
D:5:      layout_basic, mainiacjoe_overflow_brackets,
          cheibrodos_sewer_entry_bend, minmay_misc_feat_chi, uniq_menkaure
D:6:      layout_loops_cross, grunt_temple_overflow_bloody_war,
          kb_lookout_dungeons_type
D:7:      layout_loops_ring, elyvilon_altar_5,
          minmay_temple_entry_enclosed_plants, uniq_pikel
D:8:      layout_cave_pools, erik_lair_orcish_takeover
D:9:      layout_loops_corners, lemuel_doored_altar, enter_bailey_4,
          gammafunk_ghost_stat_death, library_closet

Skill      XL: |  1  2  3  4  5  6  7  8  9 10 |
---------------+-------------------------------+-----
Stealth        | 7 8 9 10 11 | 11.1
Axes           | 3 4 5 |  5.7
Dodging        | 3 4 5 6 |  6.7
Spellcasting   | 1 2 4 5 |  5.3
Fighting       | 4 5 6 7 |  7.0
Ice Magic      | 3 4 |  4.3
Polearms       | 2 3 |  3.1

Action                   |  1- 3 |  4- 6 |  7- 9 | 10-12 || total
-------------------------+-------+-------+-------+-------++-------
Melee: Hand axe          |    20 |   149 |    48 |       ||   217
       Tentacles         |     3 |    26 |    59 |    13 ||   101
       Constrict         |     3 |    38 |    22 |     7 ||    70
       Punch             |       |     1 |     3 |     2 ||     6
       Trident           |       |       |   167 |    52 ||   219
 Cast: Frozen Ramparts   |       |       |       |     3 ||     3
Evoke: Wand              |     1 |     2 |     2 |     1 ||     6
  Use: Scroll            |     1 |     7 |     6 |     5 ||    19
       Potion            |       |       |       |     5 ||     5
 Stab: Paralysed         |     6 |     3 |     8 |       ||    17
       Sleeping          |     3 |    32 |    11 |     3 ||    49
       Distracted        |       |       |     3 |       ||     3
Armor: Skin              |     4 |    31 |    22 |     6 ||    63
Dodge: Dodged            |    14 |    72 |   140 |    64 ||   290
